 Dungeon Crawl Stone Soup version 0.17-a0-82-g3e33fa6 (webtiles) character file.

206 Ngotmuk the Skirmisher (level 6, -3/48 HPs)
             Began as a Human Fighter on Mar 16, 2015.
             Killed by divine providence
             ... invoked by an orc priest
              (14 damage)
             ... on level 3 of the Dungeon.
             The game lasted 00:07:15 (2162 turns).

Ngotmuk the Skirmisher (Human Fighter)              Turns: 2162, Time: 00:07:16

Health: -3/48      AC: 13    Str: 18    XL:     6   Next: 10%
Magic:  6/6        EV:  5    Int:  8    God:
Gold:   125        SH:  9    Dex: 13    Spells: 0 memorised, 5 levels left

rFire  . . .     SeeInvis .     a - +0 flail
rCold  . . .     Clarity  .     v - +2 chain mail {MR+}
rNeg   . . .     SustAb   .     c - +0 shield
rPois  .         Gourm    .     (no helmet)
rElec  .         Spirit   .     o - +0 cloak
rCorr  .         Warding  .     n - +0 pair of gloves
rMut   .         Stasis   +     (no boots)
MR     +....                    l - amulet of stasis
Stlth  ..........               (no ring)
                                (no ring)

@: somewhat resistant to hostile enchantments, extremely unstealthy
A: no striking features
a: no special abilities


You were on level 3 of the Dungeon.
You were not hungry.

You visited 1 branch of the dungeon, and saw 3 of its levels.

You collected 125 gold pieces.

Inventory:

Hand weapons
 a - a +0 flail (weapon)
Armour
 c - a +0 shield (worn)
 n - a +0 pair of gloves (worn)
 o - a +0 cloak (worn)
 v - a +2 chain mail of magic resistance (worn)
Jewellery
 l - an amulet of stasis (around neck)
Scrolls
 g - 3 scrolls of teleportation {unknown}
 h - 3 scrolls of identify
 i - 2 scrolls of amnesia {unknown}
 j - 2 scrolls of enchant armour {unknown}
 p - a scroll of remove curse {unknown}
 r - a scroll of recharging {unknown}
 s - a scroll of enchant weapon {unknown}
 u - a scroll of fear {unknown}
Potions
 e - 3 potions of might
 f - 3 potions of curing
 k - 2 potions of ambrosia {unknown}
 q - 2 potions of poison {unknown}
Comestibles
 d - a bread ration
 m - 2 meat rations


   Skills:
 + Level 4.0 Fighting
 + Level 3.0 Maces & Flails
 + Level 3.7 Armour
 + Level 2.0 Dodging
 + Level 4.0 Shields


You had 5 spell levels left.
You didn't know any spells.

Dungeon Overview and Level Annotations

Branches:
Dungeon (3/15)

Altars:
Dithmenos
Elyvilon
Trog
Yredelemnul
The Shining One


Message History

You block the giant newt's attack.
You sock the giant newt!
You kill the giant newt!
The orc priest glows brightly for a moment.
The orc priest hits you but does no damage.
Things that are here:
a ring mail; an orc corpse You hit the orc priest but do no damage.
The orc priest hits you with a whip.
* * * LOW HITPOINT WARNING * * *
You hit the orc priest.
The orc priest is lightly wounded.
The orc priest becomes somewhat translucent.
You closely miss the orc priest.
The orc priest is lightly wounded.
The orc priest hits you with a whip.
* * * LOW HITPOINT WARNING * * *
The orc priest invokes the aid of Beogh against you.
Something smites you!
You die...

##8.8#.# #.# ###.##.# ....#
....#..# ... #####.## ... #..#
.?. ##.# #.# #+# #.# #.# ##...##
### #.# #o# ##.....## ##.###.#
##@## ##>......##
#...##.########)..####.........##
...............(.....'.........'.
#...##.########...####.........##
##.#...# #......###.......##
###<### #......##.# ##.....## #.#
#.##...# .# ##...## #.# # #...!#
# ##'## #.# #...## #.#


You could see an orc priest.

Vanquished Creatures
  Crazy Yiuf (D:3)
  An orc priest (D:3)
  Terence (D:3)
  7 adders
  A worm (D:3)
  2 oozes
  4 orcs (D:3)
  5 giant cockroaches
  5 hobgoblins
  8 jackals
  2 ball pythons (D:1)
  7 bats
  2 giant geckos
  7 giant newts
  6 goblins
  3 kobolds
  9 rats
  A fungus (D:3)
72 creatures vanquished.

Notes
Turn   | Place    | Note
--------------------------------------------------------------
     0 | D:1      | Ngotmuk, the Human Fighter, began the quest for the Orb.
     0 | D:1      | Reached XP level 1. HP: 18/18 MP: 1/1
   150 | D:1      | Reached XP level 2. HP: 20/24 MP: 2/2
   506 | D:2      | Reached XP level 3. HP: 29/29 MP: 3/3
   531 | D:2      | Found a basalt altar of Yredelemnul.
   534 | D:2      | Found a white marble altar of Elyvilon.
   534 | D:2      | Found a glowing golden altar of the Shining One.
   937 | D:2      | Reached XP level 4. HP: 25/35 MP: 4/4
  1204 | D:2      | Reached skill level 1 in Dodging
  1296 | D:2      | Found a shadowy altar of Dithmenos.
  1589 | D:3      | Noticed Crazy Yiuf
  1595 | D:3      | Killed Crazy Yiuf
  1595 | D:3      | Reached XP level 5. HP: 29/42 MP: 0/5
  1820 | D:3      | Noticed Terence
  1839 | D:3      | Killed Terence
  1839 | D:3      | Reached skill level 4 in Fighting
  1935 | D:3      | Found a bloodstained altar of Trog.
  2144 | D:3      | Reached XP level 6. HP: 29/48 MP: 6/6
  2162 | D:3      | Killed from afar by an orc priest

Action                   |  1- 3 |  4- 6 || total
-------------------------+-------+-------++-------
Melee: Flail             |    72 |   141 ||   213
  Use: Scroll            |       |     1 ||     1
  Eat: Fruit             |       |     4 ||     4
       Pizza             |       |     1 ||     1
